 Dungeon Crawl Stone Soup version 0.30-a0-272-gf98c3da03f (webtiles) character file.

Game seed: 4445630727736272688

217 freelancePsychic the Ducker (level 5, -2/43 HPs)
             Began as a Merfolk Hunter on Oct 15, 2022.
             Slain by a gnoll bouda
             ... wielding a +0 whip
              (8 damage)
             ... on level 4 of the Dungeon.
             The game lasted 00:04:30 (2851 turns).

freelancePsychic the Ducker (Merfolk Hunter)        Turns: 2851, Time: 00:04:30

Health: -2/43      AC:  3    Str: 10 (12) XL:     5   Next: 94%
Magic:  5/5        EV: 14    Int:  6 (8)  God:
Gold:   177        SH:  0    Dex: 16 (19) Spells: 4/4 levels left

rFire   + . .      SeeInvis .    a - +0 shortbow
rCold   + . .      Faith    .    (shield currently unavailable)
rNeg    . . .      Spirit   .    c - +0 leather armour
rPois   +          Reflect  .    (no helmet)
rElec   +          Harm     .    (no cloak)
rCorr   +          Rampage  .    (no gloves)
Will    .....                    (no boots)
Stlth   ++........               (no amulet)
HPRegen 0.27/turn                e - ring of resist corrosion
MPRegen 0.09/turn                (no ring)

@: mighty, resistant
A: (nimble swimmer 2), mertail
a: no special abilities


You were on level 4 of the Dungeon.
You visited 1 branch of the dungeon, and saw 4 of its levels.

You collected 177 gold pieces.

Inventory:

Hand Weapons
 a - a +0 shortbow (weapon)
Missiles
 n - 4 curare-tipped darts (quivered)
Armour
 c - a +0 leather armour (worn)
 l - a +0 ring mail
Jewellery
 e - a ring of resist corrosion (left hand)
Scrolls
 b - a scroll of immolation
 g - 2 scrolls of noise
 j - a scroll of magic mapping


   Skills:
 + Level 4.8 Fighting
 - Level 3.2 Ranged Weapons
 + Level 5.8 Dodging
 - Level 1.1 Stealth


You had 4 spell levels left.
You didn't know any spells.
Your spell library contained the following spells:

 Spells                   Type           Power      Damage    Failure   Level
 Freeze                   Ice            0%         1d3       56%         1
 Magic Dart               Conj           0%         1d3       56%         1
 Searing Ray              Conj           0%         2d4       71%         2
 Frozen Ramparts          Ice            0%         1d1       90%         3
 Hailstorm                Conj/Ice       0%         3d3       90%         3
 Fulminant Prism          Conj/Hex       0%         3d6       100%        4


Dungeon Overview and Level Annotations

Branches:
Dungeon (4/15)
 Temple: D:4-7

Altars:

Annotations:
D:1 2 transporters
D:3 2 transporters
D:4 1 runed translucent door, Crazy Yiuf


Innate Abilities, Weirdness & Mutations

((You are very nimble when in or above water. (Stealth+, EV+, Speed+++)))
Your lower body shifts to a powerful aquatic tail in water.


Message History

Fire: a) +0 shortbow
Press: ? - help, Shift-Dir - straight line, f/p - ball python
Aim: a ball python (severely wounded, constricting you, 60% to hit)
You shoot an arrow.
The arrow closely misses the ball python.
The gnoll is no longer moving quickly. x2; The gnoll bouda misses you.
The gnoll closely misses you. The ball python misses you.
The ball python constricts you. The gnoll bouda completely misses you.
The gnoll barely misses you.
Fire: a) +0 shortbow
Press: ? - help, Shift-Dir - straight line, f/p - ball python
Aim: a ball python (severely wounded, constricting you, 60% to hit)
You shoot an arrow. The arrow hits the ball python.
You kill the ball python!
The gnoll bouda hits you with a +0 whip.
* * * LOW HITPOINT WARNING * * *
The gnoll hits you from afar with a +0 spear.
* * * LOW HITPOINT WARNING * * *
Throw: 6 darts (curare)
Press: ? - help, Q - select action, (/) - cycle Shift-Dir - straight line, f - gnoll bouda
Aim: a gnoll bouda, wielding a +0 whip and wearing a +0 leather armour (65% to hit)
You throw a curare-tipped dart.
The curare-tipped dart closely misses the gnoll bouda.
The curare-tipped dart hits the gnoll.
The gnoll is poisoned.
The gnoll convulses.
The gnoll seems to slow down.
The gnoll is heavily wounded.
The gnoll bouda calls upon its god to heal the gnoll.
The gnoll is healed somewhat.
The gnoll misses you.
Throw: 5 darts (curare)
Press: ? - help, Q - select action, (/) - cycle Shift-Dir - straight line, f/p - gnoll bouda
Aim: a gnoll bouda, wielding a +0 whip and wearing a +0 leather armour (65% to hit)
You throw a curare-tipped dart.
The curare-tipped dart barely misses the gnoll bouda.
The curare-tipped dart hits the gnoll.
The gnoll looks as sick as possible!
The gnoll convulses.
The gnoll seems to be slow for longer.
The gnoll is severely wounded.
The gnoll bouda hits you with a +0 whip!
You die...

#######.## ###
###.#..#...#
#...##..#.......#
#..g+.####).....#
#)..### ##)#go##
### ####g# #g#
#g# #@### #.†.#
###.####.#
#......# #.######
#.######## ####
#.# #.........
...# #.#
#.######## ##)#
#.# #.#


You could see a gnoll bouda, 3 gnolls and an orc.

Vanquished Creatures
  2 orc priests (D:4)
  An iguana (D:3)
  An orc wizard (D:4)
  A gnoll (D:4)
  3 adders
  A worm (D:3)
  3 dart slugs
  3 orcs (D:4)
  6 ball pythons
  4 endoplasms
  5 giant cockroaches
  4 goblins
  6 hobgoblins
  5 kobolds
  2 quokkas (D:3)
  2 bats (D:3)
  3 frilled lizards (D:1)
  3 rats
55 creatures vanquished.

Vanquished Creatures (others)
  A plant (D:4)
1 creature vanquished.

Grand Total: 56 creatures vanquished

Notes
Turn   | Place    | Note
-------+----------+-------------------------------------------
     0 | D:1      | freelancePsychic the Merfolk Hunter began the quest for the
                  | Orb.
     0 | D:1      | Reached XP level 1. HP: 16/16 MP: 1/1
   123 | D:1      | Reached skill level 3 in Dodging
   187 | D:1      | Reached XP level 2. HP: 23/23 MP: 2/2
  1066 | D:2      | Reached XP level 3. HP: 29/29 MP: 3/3
  1244 | D:2      | Reached skill level 4 in Dodging
  1561 | D:3      | Reached XP level 4. HP: 36/36 MP: 4/4
  1580 | D:3      | Found a transporter.
  1625 | D:3      | Found a transporter.
  2617 | D:4      | Reached skill level 5 in Dodging
  2707 | D:4      | Reached XP level 5. HP: 33/43 MP: 5/5
  2795 | D:4      | Found a runed translucent door.
  2796 | D:4      | Noticed Crazy Yiuf
  2851 | D:4      | Slain by a gnoll bouda

Illustrated notes

Levels and vault maps discovered:
D:1:      spicycebolla_arrival_transporter_tutorial, layout_basic,
          hangedman_decor_clover_reticule
D:2:      layout_loops_ring, chequers_serial_rivers_micro_b
D:3:      gammafunk_steamed_eel, layout_loops_corners
D:4:      layout_loops_ring, serial_bayou_pond_a, uniq_sigmund,
          uniq_crazy_yiuf_cottage

Skill      XL: |  1  2  3  4 |
---------------+-------------+-----
Dodging        | 3 4 5 |  5.8
Fighting       | 3 4 |  4.8
Ranged Weapons | |  3.2
Stealth        | |  1.1

Action                   |  1- 3 |  4- 6 || total
-------------------------+-------+-------++-------
 Fire: Shortbow          |    70 |   105 ||   175
Throw: Dart              |       |     2 ||     2
       Throwing net      |       |     1 ||     1
  Use: Scroll            |     3 |     2 ||     5
       Potion            |       |     4 ||     4
Armor: Leather armour    |     7 |     8 ||    15
Dodge: Dodged            |    10 |    53 ||    63

Table legend: (Time is in decaauts)
 A = Elapsed time spent in this place.
 B = Non-inter-level travel time spent in this place.
 C = Inter-level travel time spent in this place.
 D = Time resting spent in this place.
 E = Time spent auto-exploring this place.
 F = Levels seen in this place.
 G = Mean time per level.
                   A        B        C        D        E       F      G
               +--------+--------+--------+--------+--------+-----+--------+
         Total |   2914 |   2843 |     71 |      0 |   2459 |   4 |  728.5 |
       Dungeon |   2914 |   2843 |     71 |      0 |   2459 |   4 |  728.5 |
               +--------+--------+--------+--------+--------+-----+--------+

Top non-repeatable levels by time:
     D:3: 906 daAuts
     D:1: 848 daAuts
     D:2: 700 daAuts
     D:4: 459 daAuts
